 Dungeon Crawl Stone Soup version 0.28-a0-69-g49dcd67cf8 (webtiles) character file.

Game seed: 1877320869488916939

39 Argons the Ruffian (level 3, -4/27 HPs)
             Began as a Palentonga Transmuter on July 31, 2021.
             Splashed by a jelly's acid (9 damage)
             ... on level 2 of the Dungeon.
             The game lasted 00:11:53 (1273 turns).

Argons the Ruffian (Palentonga Transmuter)          Turns: 1273, Time: 00:11:54

Health: -4/27      AC: -3    Str: 14    XL:     3   Next: 26%
Magic:  6/6        EV:  9    Int: 13    God:
Gold:   44         SH:  0    Dex: 10    Spells: 5/6 levels left

rFire   . . .      SeeInvis +     - Unarmed
rCold   . . .      Faith    .   (no shield)
rNeg    . . .      Spirit   .   a - +0 robe
rPois   .          Reflect  .   e - +0 helmet
rElec   .          Harm     .   (no cloak)
rCorr   .          Rampage  .   (no gloves)
Will    .....                   (no barding)
Stlth   +.........              (no amulet)
HPRegen 0.09/turn               (no ring)
MPRegen 0.10/turn               (no ring)

@: corroded
A: large, rugged brown scales 3, see invisible, deformed body, roll 1, armoured
tail
a: Rolling Charge


You were on level 2 of the Dungeon.
You visited 1 branch of the dungeon, and saw 2 of its levels.

You collected 44 gold pieces.

Inventory:

Missiles
 b - 33 stones (quivered)
 d - 14 poisoned darts
Armour
 a - a +0 robe (worn)
 e - a +0 helmet (worn)
Jewellery
 c - a ring of fire
Potions
 f - a potion of heal wounds {unknown}


   Skills:
 - Level 1.0 Fighting
 - Level 1.5 Dodging
 + Level 4.4 Unarmed Combat
 - Level 2.0 Spellcasting
 - Level 2.0 Transmutations


You had 5 spell levels left.
You knew the following spells:

 Your Spells              Type           Power      Damage    Failure   Level
a - Beastly Appendage     Tmut           12%        N/A       11%         1

Your spell library contained the following spells:

 Spells                   Type           Power      Damage    Failure   Level
 Wereblood                Tmut           6%         N/A       17%         2
 Corpse Rot               Necr/Air       N/A        N/A       36%         2
 Poisonous Vapours        Pois/Air       2%         N/A       36%         2
 Spider Form              Tmut/Pois      1%         N/A       45%         3
 Ice Form                 Ice/Tmut       3%         N/A       86%         4
 Freezing Cloud           Conj/Ice/Air   0%         6-21      100%        5


Dungeon Overview and Level Annotations

Branches:
Dungeon (2/15)

Altars:


Innate Abilities, Weirdness & Mutations

You are completely covered in rugged brown scales. (AC +3, +7% HP)
You have supernaturally acute eyesight. (SInv)
Armour fits poorly on your strangely shaped body.
You can roll at nearby foes to attack.
You have a long armoured tail.


Message History

There is a stone staircase leading up here.
You climb upwards.
There is a stone staircase leading down here.
Things that are here:
3 stones; a +0 short sword
Things that are here:
a +0 dagger; a goblin skeleton; a quokka skeleton
There is a stone staircase leading down here.
You climb downwards.
There is a stone staircase leading up here.
Found an escape hatch in the floor.
You open the door.
There is an open door here.
There is a stone staircase leading up here.
You open the door.
There is an open door here.
Found a spear.
Found a rapier.
A hobgoblin comes into view.
The hobgoblin shouts!
A jelly comes into view.
You hit the hobgoblin but do no damage. The hobgoblin barely misses you.
You hit the hobgoblin.
You kill the hobgoblin!
The jelly quivers.
A jelly is nearby!
A jelly is nearby!
You hit the jelly.
Your hands burn!
The jelly is moderately wounded.
The jelly hits you but does no damage.
You hit the jelly. The acid corrodes you!
Your hands burn!
You punch the jelly.
The jelly is severely wounded.
The jelly hits you.
You are splashed with acid!
You hit the jelly but do no damage.
Your hands burn!
* * * LOW HITPOINT WARNING * * *
The jelly is severely wounded.
The jelly hits you.
* * * LOW HITPOINT WARNING * * *
The acid corrodes you!
You are splashed with acid!
You die...

#...#.........#
#...#.........#
#...#.......###
#...##†####.#
#...##.#######
#...##........
#...##....)..#
##...##J....).#
#.....@.###....
###'##### ####
####.######
#.........#
#.........#
#.........#
#.........##...#
##.
#.....<...##...#
..
#.........##...#
..


You could see a jelly.

Vanquished Creatures
  A dart slug (D:2)
  2 bats (D:1)
  An endoplasm (D:1)
  A giant cockroach (D:1)
  6 goblins
  4 hobgoblins
  6 jackals (D:1)
  2 quokkas (D:1)
  2 ball pythons (D:1)
  2 frilled lizards (D:1)
  3 kobolds (D:1)
  2 rats (D:1)
32 creatures vanquished.

Notes
Turn   | Place    | Note
-------+----------+-------------------------------------------
     0 | D:1      | Argons the Palentonga Transmuter began the quest for the
                  | Orb.
     0 | D:1      | Reached XP level 1. HP: 16/16 MP: 3/3
   254 | D:1      | Reached XP level 2. HP: 21/22 MP: 5/5
   448 | D:1      | Reached skill level 4 in Unarmed Combat
   579 | D:1      | Found a faded altar of an unknown god.
   701 | D:1      | Reached XP level 3. HP: 18/27 MP: 6/6
  1273 | D:2      | Splashed by a jelly's acid

Illustrated notes

Levels and vault maps discovered:
D:1:      dpeg_arrival_signposts, layout_rooms,
          hellmonk_ecumenical_altar_zigzags
D:2:      layout_basic, serial_forest, infiniplex_forest_zigzag_1,
          infiniplex_forest_clump_curved, infiniplex_forest_straight_3,
          infiniplex_forest_straight_3, infiniplex_forest_lined_corner,
          basic_altar, uniq_terence

Skill      XL: |  1  2 |
---------------+-------+-----
Unarmed Combat | 4 |  4.4
Fighting       | |  1.0
Dodging        | |  1.5
Spellcasting   | |  2.0
Transmutations | |  2.0

Action                   || total
-------------------------++-------
Melee: Unarmed           ||   102
       Tailslap          ||     7
       Kick              ||     3
       Headbutt          ||     2
       Punch             ||     1
 Cast: Beastly Appendage ||     1
Armor: Robe              ||    31
Dodge: Dodged            ||    36

Table legend: (Time is in decaauts)
 A = Elapsed time spent in this place.
 B = Non-inter-level travel time spent in this place.
 C = Inter-level travel time spent in this place.
 D = Time resting spent in this place.
 E = Time spent auto-exploring this place.
 F = Levels seen in this place.
 G = Mean time per level.
                   A        B        C        D        E       F      G
               +--------+--------+--------+--------+--------+-----+--------+
         Total |   1266 |   1165 |    101 |    265 |     78 |   2 |  633.0 |
       Dungeon |   1266 |   1165 |    101 |    265 |     78 |   2 |  633.0 |
               +--------+--------+--------+--------+--------+-----+--------+

Top non-repeatable levels by time:
     D:1: 1002 daAuts
     D:2: 264 daAuts
